 Dungeon Sprint DCSS version 0.23-a0-189-gc87c613 (webtiles) character file.

33 Felrender the Shield-Bearer (level 3, 35/36 HPs)
             Began as a Minotaur Fighter on Sept 23, 2018.
             Was a Believer of Trog.
             Quit the game in the Dungeon (Sprint VI: "Thunderdome").
             The game lasted 00:03:45 (350 turns).

Felrender the Shield-Bearer (Minotaur Fighter)       Turns: 350, Time: 00:03:46

Health: 35/36      AC:  7    Str: 27    XL:     3   Next: 53%
Magic:  2/2        EV:  8    Int:  5    God:    Trog [**....]
Gold:   70         SH: 11    Dex: 11    Spells: 2/2 levels left

rFire    + . .     SeeInvis .   a - +0 war axe
rCold    x . .     Gourm    .   c - +0 shield
rNeg     + . .     Faith    .   b - +0 scale mail
rPois    +         Spirit   .   (helmet restricted)
rElec    +         Reflect  .   (no cloak)
rCorr    .         Harm     .   (no gloves)
MR       .....     NoTele   +   (no boots)
Stlth    ..........             p - amulet "Kemiel" {Acrobat rElec rN+ Int-3 Dex+2}
HPRegen  0.12/turn              q - ring of Winter {Fire *Slow rPois Str+4}
MPRegen  0.08/turn              r - ring of Uproess {Str+2 Int+3}

@: no status effects
A: retaliatory headbutt, horns 2
a: Berserk, Trog's Hand, Renounce Religion


You were in the Dungeon.
You worshipped Trog.
Trog was pleased with you.
You were not hungry.

You visited 1 branch You collected 250 gold pieces.
You spent 180 gold pieces at shops.

Inventory:

Hand Weapons
 a - a +0 war axe (weapon)
Armour
 b - a +0 scale mail (worn)
 c - a +0 shield (worn)
Jewellery
 p - the amulet "Kemiel" (around neck) {Acrobat rElec rN+ Int-3 Dex+2}
   (You bought it in a shop in the Dungeon)

   [amulet of the acrobat]

   It helps you evade while moving and waiting.
   It affects your intelligence (-3).
   It affects your dexterity (+2).
   It insulates you from electricity.
   It protects you from negative energy.
 q - the ring of Winter (left hand) {Fire *Slow rPois Str+4}
   (You bought it in a shop in the Dungeon)

   [ring of fire]

   It enhances your fire magic.
   It affects your strength (+4).
   It protects you from fire.
   It makes you vulnerable to cold.
   It protects you from poison.
   It may slow you when you take damage.
 r - the ring of Uproess (right hand) {Str+2 Int+3}
   (You bought it in a shop in the Dungeon)

   [ring of strength]

   It affects your strength (+2).
   It affects your intelligence (+3).
 s - the amulet "Gept" {+Rage rF+}
   (You bought it in a shop in the Dungeon)

   [amulet of rage]

   It protects you from fire.
   It lets you go berserk.
Wands
 m - a wand of acid (5)
 n - a wand of iceblast (5)
Scrolls
 k - 4 scrolls of blinking
 o - 3 scrolls of fog
Potions
 d - a potion of might
 e - a potion of curing
 g - 4 potions of heal wounds
 h - 4 potions of haste
 i - 2 potions of magic
 j - a potion of berserk rage
 l - a potion of resistance
Comestibles
 f - a ration
 t - 11 chunks of flesh


   Skills:
 + Level 5.5 Fighting
 + Level 4.8 Axes
 + Level 5.4 Armour
 + Level 5.6 Shields


You had 2 spell levels left.
You didn't know any spells.
Your spell library was empty.

Dungeon Overview and Level Annotations

Branches:
Dungeon (1/1)

Altars:
Cheibriados
Dithmenos
Fedhas
Gozag
Kikubaaqudgha
Makhleb
Okawaru
Qazlal
Ru
Sif Muna
Trog
Uskayaw
Vehumet
Wu Jian
Xom
Yredelemnul
Zin
The Shining One
Beogh
Jiyva
Lugonu

Shops:
D *[%??*?*:[((!!!!


Innate Abilities, Weirdness & Mutations

You reflexively headbutt those who attack you in melee.
You have a pair of horns on your head.


Message History

The adder barely misses you. You furiously retaliate!
You headbutt the adder!
You kill the adder!
Trog accepts your kill.
You see here an adder corpse.
You butcher the adder corpse.
t - 11 chunks of flesh (gained 1)
There is a staircase leading out of the dungeon here. 20...
An adder comes into view. 15...
You miss the adder. Your headbutt misses the adder.
You block the adder's attack. The adder bites you.
You slash the adder!
You kill the adder!
Trog accepts your kill.
Victory!
Score multiplier: 2x You now have 33 arena points (gained 28).
You now have 70 gold pieces (gained 40).
Are you sure you want to abandon this character and quit the game? (Confirm

##∩........8.# #.8........∩###
.............###.............##
..........###...###..........⌠#
..........# #.<.# #..........⌠#
..........###...###..........⌠#
.............###.............##
##∩........8.# #.8........∩###
##∩___......###......___∩##
######.8......@..8.######
#⌠...........⌠# ###.........###
#_......._# #_........#
#_......._# #∩.......∩#
##∩.....∩## ##.....##


There were no monsters in sight!

Vanquished Creatures
  4 adders (D)
  2 worms (D)
  2 giant cockroaches (D)
  2 ball pythons (D)
10 creatures vanquished.

Notes
Turn   | Place    | Note
-------+----------+-------------------------------------------
     0 | D        | Felrender the Minotaur Fighter began the quest for the Orb.
     0 | D        | Reached XP level 1. HP: 19/19 MP: 0/0
     4 | D        | Found a shimmering altar of Xom.
     4 | D        | Found a glowing silver altar of Zin.
     5 | D        | Found a sacrificial altar of Ru.
     5 | D        | Found a snail-covered altar of Cheibriados.
     5 | D        | Round 1.
     6 | D        | Found a hide-covered altar of Uskayaw.
     6 | D        | Found a bloodstained altar of Trog.
     7 | D        | Found Nasinoi's Delicious Food.
     7 | D        | Found a glowing golden altar of the Shining One.
     7 | D        | Found a shadowy altar of Dithmenos.
     7 | D        | Found Asosapol's Identification Station.
     8 | D        | Found Woakelua's Jewellery.
     8 | D        | Found Otadidgh's Advanced Armour.
    20 | D        | Found a corrupted altar of Lugonu.
    24 | D        | Became a worshipper of Trog the Wrathful
    84 | D        | Reached * piety under Trog
    84 | D        | Reached XP level 2. HP: 19/28 MP: 1/1
   179 | D        | Bought a wavering crystal amulet for 45 gold pieces
   179 | D        | Bought a faintly glowing bronze ring for 45 gold pieces
   179 | D        | Bought a brightly glowing lead ring for 45 gold pieces
   179 | D        | Bought a pitted copper amulet for 45 gold pieces
   179 | D        | Identified the amulet "Gept" {+Rage rF+} (You bought it in
                  | a shop in the Dungeon)
   181 | D        | Identified the amulet "Kemiel" {Acrobat rElec rN+ Int-3
                  | Dex+2} (You bought it in a shop in the Dungeon)
   183 | D        | Identified the ring of Winter {Fire *Slow rPois Str+4} (You
                  | bought it in a shop in the Dungeon)
   184 | D        | Identified the ring of Uproess {Str+2 Int+3} (You bought it
                  | in a shop in the Dungeon)
   190 | D        | Found an ornate altar of the Wu Jian Council.
   190 | D        | Found Inylutayt's Magic Scroll Shop.
   192 | D        | Found a burning altar of Makhleb.
   192 | D        | Found a stormy altar of Qazlal.
   192 | D        | Found a viscous altar of Jiyva.
   192 | D        | Found Moamuw's Staff Store.
   192 | D        | Found Raepur's Magic Scroll Shop.
   192 | D        | Found Ytzeip's Must-Have Magic.
   192 | D        | Arena points: 5 (+5) [x1]
   207 | D        | Round 2.
   208 | D        | Found an ancient bone altar of Kikubaaqudgha.
   216 | D        | Found Vodgh's Distillery.
   217 | D        | Found Veok Anka's Distillery.
   217 | D        | Found Setzy's Bottled Wisdom.
   217 | D        | Found a basalt altar of Yredelemnul.
   217 | D        | Found a radiant altar of Vehumet.
   217 | D        | Found a deep blue altar of Sif Muna.
   217 | D        | Found Etuakam's Do-It-Yourself Clinic.
   223 | D        | Found a blossoming altar of Fedhas.
   232 | D        | Found an iron altar of Okawaru.
   234 | D        | Found Qaawim's Weapon Rack.
   235 | D        | Found a roughly hewn altar of Beogh.
   235 | D        | Found an opulent altar of Gozag.
   235 | D        | Found Seduskea's Premium Goods.
   235 | D        | Found Goggicar's Basic Armour.
   235 | D        | Found Unepots's Miscellaneous Merchandise.
   254 | D        | Reached ** piety under Trog
   279 | D        | Reached skill level 5 in Fighting
   279 | D        | Reached skill level 5 in Armour
   279 | D        | Reached skill level 5 in Shields
   279 | D        | Reached XP level 3. HP: 34/36 MP: 2/2
   333 | D        | Arena points: 33 (+28) [x2]
   350 | D        | Quit the game

Vault maps used:
D:        arena_sprint

Skill      XL: |  1  2 |
---------------+-------+-----
Fighting       | 4 5 |  5.5
Armour         | 4 5 |  5.4
Shields        | 4 5 |  5.6
Axes           | 3 4 |  4.8

Action                   || total
-------------------------++-------
Melee: War axe           ||    30
       Headbutt          ||     8
Armor: Scale mail        ||    11
Dodge: Dodged            ||     5
Block: Shield            ||    18

Table legend:
 A = Non-vault XP
 B = Vault XP
 C = Vault XP percentage of total XP
 D = Non-vault monster count
 E = Vault monster count
 F = Vault count percentage of total count
                 A         B        C        D         E       F
            +---------+---------+-------+---------+---------+-------
      Total |      71 |       0 |   0.0 |      10 |       0 |   0.0
            +---------+---------+-------+---------+---------+-------
          D |      71 |       0 |   0.0 |      10 |       0 |   0.0
            +---------+---------+-------+---------+---------+-------
